Map: Torri del crepuscolo

Players

MaxPauer

  • Race: Protoss Protoss
  • League: Diamond

Jhyrachy - Winner!

  • Race: Zerg Zerg
  • League: Gold

VOD

Have the link to the VOD?

Description

Time

  • Played on: April 19, 2016, 1:48 p.m.
  • Length: 22:24
Show
View Real Time Build Order
Export as new Build Order

MaxPauer Protoss 

Build Orders: Nexus First, Phoenix Opening 

Get SALT Encoding   

  12  0:01  Probe (Chrono Boost)  
  13  0:11  Probe (Chrono Boost)  
  14  0:18  Pylon  
  14  0:22  Probe (Chrono Boost)  
  15  0:36  Probe (Chrono Boost)  
  16  0:46  Probe (Chrono Boost)  
  17  1:01  Nexus  
  18  1:04  Probe (Chrono Boost)  
  18  1:10  Assimilator  
  18  1:14  Probe (Chrono Boost)  
  19  1:25  Probe (Chrono Boost)  
  20  1:28  Gateway  
  20  1:35  Probe (Chrono Boost)  
  20  1:37  Assimilator  
  21  1:46  Probe (Chrono Boost)  
  22  1:54  Gateway  
  22  1:56  Probe (Chrono Boost)  
  23  2:12  Pylon  
  23  2:13  Probe (Chrono Boost)  
  24  2:17  Cybernetics Core  
  24  2:22  Pylon  
  24  2:26  Zealot (Chrono Boost)  
  24  2:29  Probe  
  27  2:30  Probe  
  28  2:41  Probe x2  
  32  2:48  Zealot (Chrono Boost)  
  32  2:51  Probe  
  32  2:53  Probe  
  32  2:58  Warp Gate  
  34  3:02  Probe  
  35  3:06  Probe  
  35  3:11  Zealot (Chrono Boost)  
  38  3:14  Probe  
  38  3:16  Stargate  
  38  3:18  Probe  
  40  3:24  Probe  
  41  3:28  Assimilator  
  41  3:30  Probe  
  42  3:35  Probe  
  42  3:36  Pylon  
  42  3:42  Probe  
  42  3:44  Zealot (Chrono Boost)  
  42  3:46  Zealot (Chrono Boost)  
  47  3:50  Robotics Facility  
  47  3:51  Probe  
  47  3:55  Probe  
  49  3:59  Phoenix (Chrono Boost)  
  49  4:02  Probe  
  51  4:07  Probe  
  53  4:13  Assimilator  
  53  4:15  Pylon  
  53  4:18  Probe  
  53  4:19  Probe  
  53  4:21  Phoenix (Chrono Boost)  
  53  4:22  Stalker  
  59  4:25  Stalker  
  59  4:29  Probe  
  62  4:37  Observer  
  63  4:43  Phoenix (Chrono Boost)  
  65  4:47  Pylon  
  65  5:01  Pylon  
  65  5:05  Phoenix (Chrono Boost), Immortal  
  71  5:10  Pylon  
  71  5:26  Phoenix (Chrono Boost)  
  73  5:32  Stalker x2  
  77  5:40  Nexus  
  77  5:48  Phoenix (Chrono Boost)  
  78  5:52  Immortal  
  82  6:01  Gateway  
  82  6:02  Gateway, Stalker x2  
  82  6:04  Gateway  
  86  6:06  Probe  
  86  6:08  Probe  
  88  6:21  Probe  
  88  6:22  Probe  
  90  6:31  Probe  
  90  6:33  Twilight Council  
  90  6:34  Probe  
  92  6:47  Probe  
  90  6:48  Probe  
  92  6:57  Probe  
  92  7:00  Probe  
  94  7:12  Charge (Chrono Boost)  
  94  7:16  Oracle  
  94  7:22  Zealot x3  
  103  7:23  Zealot x2  
  103  7:25  Probe  
  103  7:26  Probe  
  109  7:34  Pylon  
  109  7:36  Pylon  
  109  7:38  Pylon  
  109  7:39  Pylon  
  109  7:42  Assimilator  
  109  7:47  Assimilator  
  109  7:50  Probe x2  
  109  7:52  Oracle, Probe  
  109  7:54  Zealot  
  109  7:55  Zealot x4  
  125  8:01  Probe x2  
  125  8:04  Probe  
  128  8:12  Probe x2  
  128  8:16  Probe  
  129  8:22  Probe x2  
  129  8:25  Zealot x2  
  129  8:26  Zealot x3  
  141  8:35  Pylon  
  141  8:37  Pylon  
  141  8:39  Templar Archives, Pylon  
  141  8:40  Pylon  
  141  8:49  Pylon x2  
  141  8:51  Pylon  
  141  8:53  Oracle, Pylon  
  141  8:55  Pylon  
  144  8:56  Pylon  
  144  8:58  Forge  
  144  8:59  Forge, Zealot x5  
  154  9:17  Gateway  
  154  9:18  Gateway  
  154  9:21  Gateway  
  154  9:24  High Templar  
  154  9:25  Psionic Storm, High Templar x4, Gateway  
  154  9:28  Oracle  
  167  9:38  Protoss Ground Weapons Level 1 (Chrono Boost), Protoss Ground Armor Level 1 (Chrono Boost)  
  167  9:47  Pylon  
  167  9:49  Pylon  
  167  9:50  Pylon  
  167  10:04  Zealot  
  167  10:05  Zealot x4  
  177  10:26  Zealot  
  177  10:27  Zealot x6  
  177  10:28  Zealot x2  
  195  10:45  Nexus  
  195  10:47  Pylon  
  195  10:49  Pylon  
  195  10:51  Pylon, High Templar x2  
  195  10:54  Assimilator  
  199  10:59  Assimilator  
  164  11:33  High Templar x2  
  164  11:34  High Templar x6  
  177  11:59  Oracle  
  180  12:13  Zealot x2  
  180  12:14  Zealot x7  
  198  12:16  Probe  
  198  12:17  Probe  
  200  12:26  Pylon  
  200  12:28  Pylon  
  200  12:48  Archon x2  
  190  13:40  Stalker x4  
  190  13:41  Stalker x2  
  200  14:06  Fleet Beacon  
  200  14:11  Stargate  
  200  14:12  Stargate  
  200  14:15  Stargate  
  200  14:18  Archon x4  
  200  14:19  Archon  
  200  14:31  Protoss Ground Weapons Level 2 (Chrono Boost), Protoss Ground Armor Level 2 (Chrono Boost)  
  188  16:00  Tempest x3  
  197  16:36  Gateway  
  197  16:38  Gateway  
  197  16:40  Gateway  
  197  16:45  Gateway  
  197  16:51  Observer  
  198  16:57  Nexus  
  198  17:01  Assimilator  
  198  17:05  Assimilator  
  198  17:09  Pylon  
  198  17:10  Pylon  
  198  17:12  Pylon, Observer  
  198  17:13  Pylon  
  199  17:15  Pylon  
  187  18:50  Tempest x2  
  187  18:51  Tempest  
  181  19:33  Tempest x2  
  181  19:34  Tempest x2  
  116  20:34  Zealot x3  
  116  20:35  Zealot x4  
  58  20:58  Zealot x4  
  58  20:59  Zealot  
  56  21:27  Zealot x4  
  56  21:28  Nexus  
  64  21:37  Assimilator  
  64  21:42  Assimilator  
  64  21:45  Pylon  
  64  21:47  Pylon  
  64  21:49  Pylon  
  64  21:50  Pylon  
  87  22:03  Zealot x4  
Show
View Real Time Build Order
Export as new Build Order

Jhyrachy Zerg - Winner!

Build Orders: 3 Hatch before Pool, Lurkers 

Get SALT Encoding   

  12  0:01  Drone  
  13  0:08  Drone  
  14  0:17  Overlord  
  14  0:36  Drone x3  
  17  0:59  Hatchery, Extractor  
  17  1:00  Drone  
  16  1:13  Drone  
  17  1:28  Drone x2  
  19  1:40  Hatchery, Drone  
  19  1:50  Spawning Pool  
  18  2:10  Drone x3  
  18  2:12  Drone  
  22  2:27  Drone  
  22  2:28  Drone  
  24  2:37  Queen  
  24  2:38  Queen  
  24  2:43  Overlord  
  28  2:52  Queen  
  28  2:56  Drone x4  
  28  2:57  Overlord  
  34  3:16  Zergling x2  
  34  3:17  Zergling x2  
  36  3:35  Extractor, Drone x2  
  36  3:36  Drone  
  36  3:37  Drone  
  39  3:58  Lair  
  39  4:02  Extractor  
  38  4:03  Drone x3  
  38  4:04  Drone x5, Extractor  
  38  4:05  Drone x4  
  49  4:11  Pneumatized Carapace  
  49  4:25  Evolution Chamber  
  49  4:27  Drone x2  
  49  4:28  Overlord x3, Evolution Chamber  
  49  4:52  Zerg Ground Armor Level 1  
  49  4:58  Zerg Missile Weapons Level 1  
  49  5:04  Overseer  
  49  5:15  Hydralisk Den  
  48  5:51  Hydralisk x8  
  48  5:52  Hydralisk x4  
  48  5:55  Zergling x4  
  74  5:57  Overlord x3  
  74  6:09  Lurker Den  
  74  6:12  Overlord x3  
  74  6:15  Zergling x16, Queen  
  74  6:16  Zergling x12  
  90  6:19  Metabolic Boost  
  90  6:34  Spore Crawler  
  89  6:40  Spore Crawler  
  88  7:01  Zerg Missile Weapons Level 2, Zerg Ground Armor Level 2  
  88  7:10  Drone x3  
  88  7:11  Drone x6  
  88  7:12  Drone x2  
  99  7:20  Spore Crawler  
  98  7:44  Extractor  
  98  7:46  Extractor  
  96  7:55  Muscular Augments  
  96  8:04  Lurker  
  96  8:05  Lurker  
  98  8:09  Overlord x3  
  98  8:27  Overlord x2  
  98  8:32  Lurker x3  
  101  8:35  Hydralisk x2  
  101  8:36  Hydralisk x4  
  113  8:46  Drone x9  
  113  8:47  Drone  
  123  8:50  Spore Crawler  
  122  9:00  Overseer  
  122  9:18  Spore Crawler  
  121  9:28  Zerg Melee Weapons Level 1  
  121  9:35  Hatchery  
  121  9:36  Hydralisk x4  
  121  9:37  Hydralisk  
  121  9:38  Overlord x3  
  130  9:39  Overlord  
  124  10:15  Lurker x5  
  124  10:17  Hydralisk x4  
  124  10:18  Hydralisk x11  
  124  10:20  Overlord x3  
  159  10:28  Infestation Pit  
  158  10:50  Spore Crawler  
  158  10:52  Hydralisk  
  158  10:53  Hydralisk x9  
  177  11:18  Extractor  
  176  11:37  Drone  
  176  11:38  Drone x13  
  190  11:57  Overlord x3  
  190  12:02  Hive  
  190  12:05  Zerg Melee Weapons Level 2  
  190  12:37  Extractor  
  189  13:15  Spore Crawler  
  181  13:41  Hydralisk  
  181  13:42  Hydralisk x8  
  199  13:53  Lurker  
  200  14:01  Zerg Ground Armor Level 3  
  200  14:26  Hatchery  
  200  14:27  Extractor  
  200  14:30  Extractor  
  197  15:02  Zerg Missile Weapons Level 3  
  194  16:10  Lurker x2  
  196  16:13  Lurker  
  189  16:38  Zerg Melee Weapons Level 3  
  189  17:01  Queen  
  189  17:08  Lurker  
  192  17:11  Lurker  
  193  17:26  Spore Crawler  
  192  17:38  Adrenal Glands  
  160  19:09  Hatchery  
  159  19:10  Hydralisk  
  159  19:11  Hydralisk x9  
  159  19:14  Zergling x2  
  159  19:15  Zergling x40  
  85  20:51  Hydralisk  
  85  20:52  Hydralisk x16  
  98  21:15  Zergling x8  
  98  21:16  Zergling x48  
  98  21:17  Zergling x20  
Tags
 
Add a new tag
Caveats
  • Supply blocks, unpowered buildings, or Contaminate may cause inaccurate times.
  • Supply counts are checked every 10 seconds.